Map: 毒茄樹叢 - 天梯版

Players

Zanster

  • Race: Zerg Zerg
  • Spawn Location: 5:00

Nice - Winner!

  • Race: Protoss Protoss
  • Spawn Location: 11:00

Event: IEM Katowice 2020

VOD

Have the link to the VOD?

Description

Time

  • Played on: Feb. 25, 2020, 4:55 a.m.
  • Length: 6:50

All games in this series

Show
View Real Time Build Order
Export as new Build Order

Zanster Zerg 

Build Orders: Hatch First 

Get SALT Encoding   

  12  0:01  Drone  
  13  0:12  Overlord  
  13  0:16  Drone  
  14  0:30  Drone x2  
  16  0:49  Hatchery  
  15  0:51  Drone  
  15  0:54  Drone  
  17  0:57  Drone  
  18  1:09  Extractor  
  17  1:12  Spawning Pool  
  17  1:15  Drone  
  17  1:20  Drone  
  18  1:29  Drone  
  19  1:39  Drone  
  20  1:50  Drone  
  21  2:00  Queen, Overlord  
  23  2:01  Queen  
  23  2:02  Zergling x2  
  26  2:13  Zergling x2  
  26  2:14  Drone  
  28  2:16  Metabolic Boost  
  28  2:23  Drone x2  
  30  2:35  Hatchery  
  29  2:38  Drone x2  
  31  2:45  Queen  
  31  2:48  Drone  
  33  2:52  Overlord  
  33  2:56  Drone  
  33  2:57  Drone  
  35  3:06  Overlord  
  35  3:10  Drone  
  35  3:11  Drone x3  
  39  3:16  Drone  
  39  3:18  Drone  
  41  3:20  Queen  
  41  3:24  Spore Crawler  
  41  3:26  Spore Crawler  
  41  3:30  Drone x2  
  43  3:37  Overlord  
  43  3:39  Overlord  
  43  3:48  Drone  
  43  3:49  Drone x4  
  43  3:52  Drone  
  49  3:56  Queen, Overlord  
  49  3:57  Drone  
  49  4:02  Drone x3  
  55  4:10  Drone x3  
  55  4:17  Zergling x6  
  59  4:19  Drone  
  59  4:22  Drone  
  59  4:23  Drone x3  
  66  4:26  Lair  
  63  4:32  Drone x3  
  63  4:33  Drone  
  63  4:35  Overlord  
  63  4:37  Overlord  
  67  4:42  Overlord  
  67  4:44  Overlord  
  67  4:49  Extractor, Roach Warren  
  67  4:50  Extractor  
  67  4:52  Spore Crawler  
  63  4:55  Drone x4  
  67  5:00  Drone x4  
  67  5:01  Drone  
  67  5:04  Drone x2  
  74  5:08  Overlord  
  74  5:15  Extractor  
  74  5:19  Overlord  
  74  5:20  Spine Crawler, Extractor  
  71  5:28  Overlord  
  71  5:29  Roach x8  
  71  5:31  Roach  
  71  5:32  Roach  
  71  5:34  Drone x2  
  94  5:36  Extractor  
  94  5:38  Drone  
  94  5:40  Drone  
  95  5:46  Overlord x2  
  95  5:47  Evolution Chamber  
  94  5:51  Drone x5  
  94  5:52  Drone  
  94  5:54  Roach  
  94  5:56  Roach  
  104  5:58  Roach  
  106  6:05  Roach x4  
  113  6:18  Roach x6  
  117  6:24  Roach  
  117  6:25  Roach x3  
Show
View Real Time Build Order
Export as new Build Order

Nice Protoss - Winner!

Build Orders: 1 Gate Expand, Oracle Opening, Phoenix Opening, Zealot Archon, Archon Drop 

Get SALT Encoding   

  12  0:00  Probe  
  13  0:13  Probe  
  14  0:19  Pylon  
  14  0:25  Probe  
  15  0:37  Probe (Chrono Boost)  
  15  0:38  Gateway  
  16  0:44  Assimilator  
  16  0:49  Probe (Chrono Boost)  
  17  0:54  Probe (Chrono Boost)  
  18  1:04  Probe  
  19  1:16  Probe  
  20  1:23  Nexus  
  20  1:32  Cybernetics Core  
  20  1:38  Assimilator  
  20  1:42  Probe  
  21  1:47  Pylon  
  21  1:54  Probe  
  22  2:06  Probe, Adept (Chrono Boost)  
  25  2:18  Probe, Stargate  
  26  2:29  Adept  
  28  2:30  Probe (Chrono Boost)  
  28  2:31  Warp Gate  
  29  2:37  Probe (Chrono Boost)  
  29  2:43  Probe (Chrono Boost)  
  31  2:46  Probe (Chrono Boost)  
  31  2:48  Probe (Chrono Boost)  
  33  2:51  Probe (Chrono Boost)  
  33  2:57  Probe  
  35  3:01  Phoenix (Chrono Boost)  
  35  3:03  Probe  
  38  3:05  Gateway  
  38  3:09  Probe  
  39  3:15  Probe  
  39  3:19  Pylon  
  40  3:21  Probe, Oracle (Chrono Boost)  
  44  3:27  Probe  
  44  3:33  Probe, Pylon  
  46  3:37  Assimilator  
  46  3:40  Probe, Assimilator  
  47  3:44  Robotics Facility  
  47  3:46  Probe  
  48  3:52  Probe  
  49  3:59  Probe  
  49  4:00  Twilight Council  
  50  4:04  Probe  
  51  4:10  Gateway  
  51  4:11  Probe  
  51  4:12  Gateway  
  51  4:16  Probe  
  53  4:22  Gateway  
  53  4:26  Probe, Gateway  
  53  4:31  Warp Prism (Chrono Boost)  
  54  4:35  Charge (Chrono Boost)  
  56  4:41  Templar Archives  
  56  4:55  Gateway  
  56  4:57  Gateway  
  56  5:06  Nexus  
  56  5:11  Pylon  
  56  5:14  Pylon  
  56  5:24  High Templar x3  
  62  5:28  Pylon  
  62  5:29  High Templar  
  62  5:30  Archon  
  62  5:35  Archon  
  64  5:36  Zealot x2  
  64  5:39  Pylon  
  64  5:41  Pylon  
  68  6:03  Zealot x6  
  68  6:04  Zealot x2  
  78  6:24  Zealot x7  
  80  6:40  Zealot  
  80  6:44  Zealot x5  

Tags
 
Add a new tag
Caveats
  • Supply blocks, unpowered buildings, or Contaminate may cause inaccurate times.
  • Supply counts are checked every 10 seconds.